 Dungeon Crawl Stone Soup version 0.27.1-35-g4d5d836560 (webtiles) character file.

Game seed: 5213321912241648233

2 Froggeryz the Ducker (level 1, -5/10 HPs)
             Began as a Felid Berserker on Mar 21, 2022.
             Was a Follower of Trog.
             Slain by a gnoll (15 damage)
             ... on level 1 of the Dungeon.
             The game lasted 00:00:14 (302 turns).

Froggeryz the Ducker (Felid Berserker)               Turns: 302, Time: 00:00:14

Health: -5/10      AC:  1    Str: 13    XL:     1   Next: 33%
Magic:  2/2        EV: 18    Int:  8    God:    Trog [*.....]
Gold:   0          SH:  0    Dex: 15    Spells: 0/0 levels left
                                        Lives:  0   Deaths: 0

rFire    . . .     SeeInvis +     - Unarmed
rCold    . . .     Faith    .   (shield unavailable)
rNeg     . . .     Spirit   .   (armour unavailable)
rPois    .         Reflect  .   (helmet unavailable)
rElec    .         Harm     .   (cloak unavailable)
rCorr    .         Rampage  .   (gloves unavailable)
Will     .....                  (boots unavailable)
Stlth    +.........             (no amulet)
HPRegen  0.03/turn              (no ring)
MPRegen  0.08/turn              (no ring)

@: quick
A: very small, claws 1, fangs 3, see invisible, speed 1, shaggy fur 1, stealthy
paws, no weapons or thrown items, no armour, multi-lived
a: Renounce Religion, Berserk


You were on level 1 of the Dungeon.
You worshipped Trog.
Trog was aware of your devotion.
You visited 1 branch of the dungeon, and saw 1 of its levels.

Inventory:

Scrolls
 a - 3 scrolls of identify


   Skills:
 - Level 3.0 Fighting
 - Level 4.0 Dodging
 * Level 3.2 Unarmed Combat


You couldn't memorise any spells.
You didn't know any spells.
Your spell library was empty.

Dungeon Overview and Level Annotations

Branches:
Dungeon (1/15)

Altars:


Innate Abilities, Weirdness & Mutations

You have sharp claws.
You have razor-sharp teeth.
You have supernaturally acute eyesight. (SInv)
You cover ground quickly. (Speed+)
You are covered in fur. (AC +1)
Your paws help you pounce on unaware monsters.
You are incapable of wielding weapons or throwing items.
You cannot wear armour.
You gain extra lives every three experience levels.


Message History

The quokka barely misses you.
You closely miss the quokka.
The quokka is heavily wounded.
The quokka closely misses you. The quokka bites you.
You closely miss the quokka.
The quokka is heavily wounded.
The quokka misses you.
You miss the quokka.
The quokka is heavily wounded.
The quokka completely misses you.
You claw the quokka!
You kill the quokka!
Trog accepts your kill.
No target in view!
No target in view!
a - 3 scrolls of identify (gained 1)
You open the door.
There is an open door here.
A kobold comes into view. It is wielding a +0 whip.
The kobold shouts!
A kobold is nearby!
A kobold is nearby!
The kobold throws a stone.
The stone misses you.
A gnoll comes into view. It is wielding a +0 flail.
The kobold throws a stone.
The stone barely misses you.
The gnoll moves out of view.
You scratch the kobold. Your claw misses the kobold.
Your bite misses the kobold.
The kobold is severely wounded.
The kobold completely misses you.
You barely miss the kobold.
The kobold is severely wounded.
The kobold misses you.
You scratch the kobold but do no damage.
The kobold is severely wounded.
You miss the kobold.
The kobold is severely wounded.
The kobold misses you. The gnoll hits you with a +0 flail!
Ouch! That really hurt!
You die...

###### ##....#
.#....### #####
.#......#########....#
.'†.....'.......+....+
.#......#.##+####K...#
.###....#.......@.#
........#.......g.####
........#..............
.......##.....###......
.......#......# .....#
....÷..#...#... .....#
.......#...#.... .....#
...........#....#.....#
................. ...+


You could see a gnoll and a kobold.

Vanquished Creatures
  A quokka (D:1)
  A ball python (D:1)
  A frilled lizard (D:1)
3 creatures vanquished.

Notes
Turn   | Place    | Note
-------+----------+-------------------------------------------
     0 | D:1      | Froggeryz the Felid Berserker began the quest for the Orb.
     0 | D:1      | Reached XP level 1. HP: 10/10 MP: 2/2
   302 | D:1      | Slain by a gnoll

Illustrated notes

Levels and vault maps discovered:
D:1:      eino_arrival_tree_alley, layout_basic, serial_shops,
          nicolae_shop_behind_doors

Action                   || total
-------------------------++-------
Melee: Unarmed           ||    17
       Bite              ||     1
  Use: Scroll            ||     1
Dodge: Dodged            ||    14
